Cogmind - Beta 16 @@@ ROGUE MODE // 2025.11.15 @ 17:17:40 Player: Anting Result: Destroyed by WO-EO6(R) with Subdweller Beam Cannon Performance ------------- Evolutions (0) 0 Regions Visited (2) 400 Robots Destroyed (22) 110 Value Destroyed (520) 520 Prototype IDs (2) 40 Alien Tech Used (0) 0 Bonus (0) 0 TOTAL SCORE: 1070 Bonus ------- None Cogmind --------- Core Integrity 0/250 Matter 283/300 Energy 99/100 System Corruption 0% Temperature Cool (9) Movement Core (50) Location -10/Subcaves Parts ------- > --- POWER (1) -------- (None) > --- PROPULSION (2) --- Aluminum Leg > --- UTILITY (2) ------ Improved Heat Sink > --- WEAPON (2) ------- (None) > --- INVENTORY (5) ---- Aluminum Leg Aluminum Leg Large Storage Unit Subdweller Beam Cannon Subdweller Machine Gun Peak State ------------ > --- POWER ------------ Light Nuclear Core > --- PROPULSION ------- Light Treads Light Treads > --- UTILITY ---------- Small Storage Unit Seismic Detector > --- WEAPON ----------- Assault Rifle Light Assault Rifle > --- INVENTORY -------- Light Ion Engine Light Treads Aluminum Leg Aluminum Leg Heat Sink Improved Terrain Scanner Small Laser Grenade Launcher [Rating: 10] Favorites ----------- Power Light Nuclear Core Engine Light Ion Engine Power Core Light Nuclear Core Propulsion Light Treads Treads Light Treads Leg Aluminum Leg Utility Seismic Detector Device Seismic Detector Storage High-capacity Storage Unit Protection Light Armor Plating Weapon Light Assault Rifle Energy Gun Small Laser Energy Cannon Subdweller Beam Cannon Ballistic Gun Light Assault Rifle Launcher Grenade Launcher Build | -11 -10 -10 ------- Run | Yrd Mat Sub Slots Evolved . | . . . Power . | . . . Propulsion . | . . . Utility . | . . . Weapon . | . . . Parts Attached 22 | 7 9 6 Power 3 | 1 2 . Engine 2 | 1 1 . Core 1 | . 1 . Reactor . | . . . Propulsion 6 | 2 2 2 Treads 3 | 2 1 . Leg 3 | . 1 2 Wheel . | . . . Hover . | . . . Flight . | . . . Utility 6 | 2 2 2 Device 3 | 1 1 1 Storage 2 | 1 1 . Processor . | . . . Hackware . | . . . Protection 1 | . . 1 Artifact . | . . . Weapon 7 | 2 3 2 Energy Gun 2 | . 2 . Energy Cannon 1 | . . 1 Ballistic Gun 3 | 2 1 . Ballistic Cannon . | . . . Launcher 1 | . . 1 Special Weapon . | . . . Impact Weapon . | . . . Slashing Weapon . | . . . Piercing Weapon . | . . . Special Melee Weapon . | . . . Unidentified Prototypes . | . . . Parts Lost 15 | . 7 8 Power 3 | . 2 1 Propulsion 5 | . 2 3 Utility 1 | . . 1 Weapon 6 | . 3 3 Highest Loss Streak 7 | . 2 7 To Critical Strikes 2 | . 1 1 Average Backups 9 | 3 9 6 Power . | . . . Propulsion 2 | 1 3 2 Utility 3 | . 4 2 Weapon 1 | . 1 1 Tool/Special . | . . . Unused Backups 8 | . 1 7 Power 1 | . . 1 Propulsion 3 | . . 3 Utility 3 | . 1 2 Weapon 1 | . . 1 Tool/Special . | . . . Average Slot Usage (%) 92 | . 99 38 Engine 5 | . 6 1 Core 6 | . 7 . Treads 23 | . 25 1 Leg 4 | . 1 25 Device 12 | . 14 4 Storage 12 | . 14 2 Energy Gun 10 | . 11 1 Ballistic Gun 14 | . 16 1 Peak Build Rating 10 | 7 10 8 Average Rating 8 | 5 8 3 On Entrance 5 | . 7 8 Avg Prop Armor Cover (%) 32 | . 8 37 Naked Turns . | . . . Heaviest Build 48 | 14 48 46 Greatest Support 40 | 40 40 20 Greatest Overweight (x) 2 | . 2 2 Average Overweight (x) . | . . . Largest Inventory Capacity 20 | 8 20 20 Average Capacity 15 | 7 17 7 Most Carried 15 | 5 15 13 Average Carried 9 | 3 9 5 Final Capacity 20 | 8 20 5 Final Carried 13 | 5 13 5 Class Distribution -------------------- 88% | Mutant 11% | Scavenger-Mutant Dominant Class ---------------- Mutant | -10/Materials Mutant | -10/Subcaves Resources | -11 -10 -10 ----------- Run | Yrd Mat Sub Matter Collected 615 | 314 240 61 Remotely . | . . . Salvage Created 703 | 107 557 39 Parts 50 | 10 38 2 Haulers Intercepted 1 | . 1 . Recyclers Shooed 1 | 1 . . Parts Field Recycled . | . . . Retrieved Matter . | . . . Parts Self-Destructed . | . . . Prevented . | . . . Parts Restored . | . . . Kills | -11 -10 -10 ------- Run | Yrd Mat Sub Combat Hostiles Destroyed 14 | . 13 1 Guns 13 | . 13 . AOE 1 | . . 1 Classes Destroyed 9 | 2 6 1 Worker 1 | . 1 . Tunneler 2 | 2 . . Hauler 1 | . 1 . Recycler 1 | 1 . . Operator 1 | . 1 . Watcher 2 | . 2 . Swarmer 3 | . 3 . Grunt 10 | . 10 . Subdweller 1 | . . 1 Best Kill Streak 3 | 2 3 1 Combat Bots Only 3 | . 3 1 Max Kills in Single Turn 1 | 1 1 1 Gunslinging . | . . . Exploded 1 | . . 1 Melee . | . . . Uniques/NPCs Destroyed . | . . . Combat | -11 -10 -10 -------- Run | Yrd Mat Sub Hostile Shots Fired 133 | . 94 39 Missed 29 | . 21 8 Hits 104 | . 73 31 Projectile 104 | . 73 31 Critical Strikes 5 | . 2 3 Damage Taken 1674 | . 900 774 Core 259 | . 53 206 Absorbed by Shields . | . . . Core Remaining (%) 100 | 100 . . Volleys Fired 105 | 11 80 14 Largest 2 | 2 2 2 Hottest 80 | 40 60 80 Shots Fired 196 | 22 157 17 Gun 190 | 22 157 11 Cannon 3 | . . 3 Launcher 3 | . . 3 Special . | . . . Kinetic 147 | 22 117 8 Thermal 46 | . 40 6 Explosive 3 | . . 3 Electromagnetic . | . . . Robot Hit Streak 11 | 5 11 9 Robot Miss Streak 7 | 3 7 1 Penetration Max . | . . . Secondary Targets 3 | . 3 . Max Gunslinging Chain 1 | . 1 . Shots Hit Robots 116 | 11 93 12 Core Hits 45 | 5 36 4 Critical Kills . | . . . Critical Parts Destroyed . | . . . Critical Strikes . | . . . Melee Attacks . | . . . Impact . | . . . Slashing . | . . . Piercing . | . . . Sneak Attacks . | . . . Combat Hostiles . | . . . Follow-up Attacks . | . . . Damage Inflicted 1317 | 115 962 240 Guns 1128 | 115 937 76 Cannons . | . . . Explosions 164 | . . 164 Melee . | . . . Ramming 25 | . 25 . Kinetic 921 | 115 754 52 Thermal 207 | . 183 24 Explosive 164 | . . 164 Electromagnetic . | . . . Impact . | . . . Slashing . | . . . Piercing . | . . . Highest Corruption . | . . . Average Corruption . | . . . Corruption Purged . | . . . Corruption Blocked . | . . . Overload Shots . | . . . Overflow Damage 1 | . 1 . Projectiles . | . . . Explosions . | . . . Melee 1 | . 1 . Knockbacks 1 | . 1 . Impact 1 | . 1 . Kinetic . | . . . Secondary . | . . . Self-Inflicted Damage 116 | . . 116 Shots 3 | . . 3 Rammed 4 | . 4 . Targets Rammed 5 | . 5 . Kicked . | . . . Crushed 1 | . 1 . Highest Temperature 120 | . 120 . Average Temperature 37 | . 37 . Received Heat Transfer 540 | . 399 141 Siege Activations . | . . . Martial Activations . | . . . Shielding Activations . | . . . Robots Disrupted . | . . . Combat Hostiles . | . . . Robots Corrupted 1 | . 1 . Combat Hostiles . | . . . Parts Fried 2 | . 2 . Impact Corruptions 1 | . 1 . Robots Melted . | . . . Combat Hostiles . | . . . Parts Melted 1 | . 1 . Heat Transferred 475 | . 425 50 Parts Sabotaged . | . . . Parts Stolen . | . . . Parts Stripped . | . . . Power Chain Reactions . | . . . Alert | -11 -10 -10 ------- Run | Yrd Mat Sub Maximum Alert Level . | . . . Low Security (%) 100 | 100 100 . Level 1 . | . . . Level 2 . | . . . Level 3 . | . . . Level 4 . | . . . Level 5 . | . . . High Security . | . . . Max Security . | . . . Peak Influence 122 | 5 122 . Initial . | . . . Average 27 | . 28 . Influence Increases 443 | 15 428 . Destroy 0b10 Robot/C 260 | . 260 . Destroy 0b10 Robot/NC 40 | 15 25 . Destroy Leader 66 | . 66 . Select Force Hacks 30 | . 30 . Destroy Structure 2 | . 2 . Lose Combat Pursuer 45 | . 45 . Influence Decreases 443 | 15 405 23 Entered New Map 12 | . . 12 Time Decay 350 | 15 335 . Lost Part 81 | . 70 11 Squads Dispatched 4 | . 4 . Investigation 3 | . 3 . Extermination . | . . . Reinforcement 1 | . 1 . Assault . | . . . Garrison . | . . . Intercept . | . . . Searches Triggered . | . . . Construction Impeded . | . . . Haulers Reinforced . | . . . Active Scanning Responses . | . . . Cargo Convoy Interrupts . | . . . Stealth | -11 -10 -10 --------- Run | Yrd Mat Sub Distress Signals 2 | . 2 . Communications Jammed . | . . . Distress Signals . | . . . Times Spotted 32 | . 27 5 Peak Tracking Total 4 | . 4 3 Tactical Retreats 4 | . 3 1 Traps | -11 -10 -10 ------- Run | Yrd Mat Sub Traps Triggered 2 | . 2 . Indirectly . | . . . Trap Hack Attempts . | . . . Triggered . | . . . Disarmed . | . . . Reprogrammed . | . . . Reused . | . . . Traps Extracted . | . . . Installed . | . . . Triggered . | . . . Machines | -11 -10 -10 ---------- Run | Yrd Mat Sub Machines Disabled . | . . . Max in Single Turn . | . . . Machines Repaired . | . . . Machines Dismantled . | . . . Machines Sabotaged . | . . . Overloaded Fab Kills . | . . . Hacking | -11 -10 -10 --------- Run | Yrd Mat Sub Machines Accessed 2 | . 2 . Terminals 1 | . 1 . Fabricators . | . . . Repair Stations . | . . . Recycling Units 1 | . 1 . Scanalyzers . | . . . Garrison Access . | . . . Total Hacks 6 | . 6 . Successful 3 | . 3 . Failed 3 | . 3 . Catastrophic . | . . . Database Lockouts . | . . . Manual 4 | . 4 . Terminals 4 | . 4 . Fabricators . | . . . Repair Stations . | . . . Recycling Units 2 | . 2 . Scanalyzers . | . . . Garrison Access . | . . . Terminal Hacks 1 | . 1 . Prototype ID Bank 1 | . 1 . Fabricator Hacks . | . . . Repair Station Hacks . | . . . Recycling Unit Hacks . | . . . Scanalyzer . | . . . Garrison Access Hacks . | . . . Unauthorized Hacks 2 | . 2 . Terminals 1 | . 1 . Skim 1 | . 1 . Fabricators . | . . . Repair Stations . | . . . Recycling Units 1 | . 1 . Tunnel 1 | . 1 . Scanalyzers . | . . . Garrison Access . | . . . Data Cores Recovered . | . . . Used . | . . . Hacking Detections 2 | . 2 . Full Trace Events . | . . . Feedback Events . | . . . Feedback Blocked . | . . . Robot Schematics Acquired . | . . . Robots Built . | . . . Authchips . | . . . Time . | . . . Total Robot Build Rating . | . . . Part Schematics Acquired . | . . . Parts Built . | . . . Authchips . | . . . Time . | . . . Total Part Build Rating . | . . . Part Studies Acquired . | . . . Parts Repaired . | . . . Time . | . . . Parts Recycled . | . . . Recycled Matter . | . . . Retrieved Matter . | . . . Retrieved Components . | . . . Parts Scanalyzed . | . . . Part Schematics Acquired . | . . . Parts Damaged . | . . . Bothacking | -11 -10 -10 ------------ Run | Yrd Mat Sub Used RIF Installer . | . . . Robots Hacked . | . . . Non-combat . | . . . Combat . | . . . Robot Hacks Applied . | . . . Relay Couplers Released . | . . . Fabnet Peak Effective % . | . . . Robots Rewired . | . . . Allies Hacked . | . . . Hacks Repelled . | . . . Allies | -11 -10 -10 -------- Run | Yrd Mat Sub Total Allies . | . . . Largest Group . | . . . Highest-Rated Group . | . . . Highest-Rated Ally . | . . . Total Orders . | . . . Ally Attacks . | . . . Total Damage . | . . . Kills . | . . . Allies Corrupted . | . . . Allies Melted . | . . . Intel | -11 -10 -10 ------- Run | Yrd Mat Sub Active Infowar (turns) 1719 | 11 1700 8 Seismic 1719 | 11 1700 8 Robot Analysis Total . | . . . Derelict Logs Recovered 1 | . . 1 Drone Launches . | . . . Drone Recoveries . | . . . Exploration | -11 -10 -10 ------------- Run | Yrd Mat Sub Turns Passed 2403 | 118 2020 265 Spaces Moved 1093 | 47 642 404 Core 404 | 2 . 402 Treads 689 | 45 642 2 Legs . | . . . Wheels . | . . . Hover . | . . . Flight . | . . . Fastest Speed 50 | 50 160 50 Average Speed 158 | 155 226 51 Slowest Speed 320 | 160 320 320 Overloaded Moves . | . . . Propulsion Burnouts . | . . . Robots Hopped . | . . . Potential Cave-ins . | . . . Cave-ins Triggered . | . . . Exploration Rate (%) 35 | 6 71 29 Regions Visited 2 Branch Regions 1 Pre-discovered Areas 1 | . 1 . Known Exits Taken . | . . . Unknown Exits Taken 2 | 1 1 . Scrap Searched 2 | . . 2 Spaces Dug . | . . . Terrain Destroyed 8 | . . 8 Melee . | . . . Projectile . | . . . AOE 8 | . . 8 Terrain Rammed . | . . . Walls Destroyed . | . . . Machines Disabled . | . . . Actions | -11 -10 -10 --------- Run | Yrd Mat Sub Total 1572 | 69 1060 443 Wait 323 | . 310 13 Move 1091 | 46 641 404 Hop . | . . . Pick Up 21 | 5 14 2 Fast Attach 10 | 7 1 2 Attach 10 | . 6 4 Detach 1 | . . 1 Swap 4 | . 2 2 Drop 2 | . 1 1 Fire 105 | 11 80 14 Melee . | . . . Ram . | . . . Kick . | . . . Crush 5 | . 5 . Escape Stasis . | . . . Rewire . | . . . Trap . | . . . Miscellaneous . | . . . Route ------- -11/Scrapyard -10/Materials (discovered 3 exits: [*Mat x2] / [*Sub]) -10/Subcaves History --------- Turn | Location | Event 60 | -11/Scrapyard | Discovered new exit (range 15) 119 | -11/Scrapyard | Entered Materials 251 | -10/Materials | Discovered new exit (range 15) 300 | -10/Materials | Build established: Mutant 325 | -10/Materials | Discovered new exit (range 16) 2100 | -10/Materials | Discovered new exit (range 10) 2139 | -10/Materials | Entered Subcaves 2140 | -10/Subcaves | Approached by a straggling Scientist 2141 | -10/Subcaves | Ambushed by Subdwellers from Twisted Machinery 2169 | -10/Subcaves | Core integrity fell below 50% 2177 | -10/Subcaves | Released all parts (2) 2208 | -10/Subcaves | Lost 7 parts (1p2n1u3w) 2285 | -10/Subcaves | Ambushed by Subdwellers from Twisted Machinery 2286 | -10/Subcaves | Core integrity fell below 20% 2343 | -10/Subcaves | Shifting Twisted Machinery released Battle Cannon 2347 | -10/Subcaves | Shifting Twisted Machinery released Sub. Beam Cannon 2388 | -10/Subcaves | A swath of the cavern ceiling suddenly collapsed 2404 | -10/Subcaves | Destroyed by WO-EO6(R) with Subdweller Beam Cannon Last Messages --------------- 02206_ Found Shrapnel Trap. 02206_ Found 61 Matter. 02207_ Acquired 61 matter. 02212_ Searching scrap... 02212_ Found Sub. Machine Gun. 02212_ Found Shrapnel Trap. 02212_ Found 30 Matter. 02213_ Acquired Sub. Machine Gun. 02285_ G5-01C(R) emerges from the Twisted Machinery. Battle Cannon falls loose from the Twisted Machinery. Sub. Beam Cannon falls loose from the Twisted Machinery. 02348_ Acquired Sub. Beam Cannon. 02358_ Dropped Imp. Heat Sink. 02359_ Acquired Imp. Heat Sink. A swath of the cavern ceiling suddenly collapses. 02404_ Aluminum Leg destroyed. Map ----- +----------------------------------------------------+ | # # ## ##????????????????????????????????? | | ## ## ########?????????????????????????????????? | | ## ###????????????????????????????????????????? | | #?????????????????????????????????????????? | | #?????????????????????????????????????????? | | #?????????????????????????????????????????? | | ## #?????????????????????????????????????????? | | ########?????????????????????????????????????????? | | ###????????????????????????????????????????????? | | ! ##???????????????????????????????????????????? | | * ##??????????????????????????????????????????? | | ##?????????????????????????????????????????? | | #?????????????????????????????????????????? | | #?????????????????????????????????????????? | | #?????????????????????????????????????????? | | ## #?????????????????????????????????????????? | | ??# #?????????????????????????????????????????? | | ???# #########??????????????????????????????????? | | ###? ###"##"###?????????????????????????????????? | | #?? ##""#"##"#?????????????????????????????????? | | ##?##?#" """"#?????????????????????????????????? | | " #????### ###?########????????????????????????? | | " ##?????###""##### ## ###??????????????????????? | | " #????????#""####; #######????????????????? | | ##???????#""" ;R;; ##???????????????? | | ##??????###"##"##### @ #???????????????? | | "##????# #"######??## ## ##??????????????? | | # " ####?##"" ##??????##### ##?????????????? | | # " "##?#####???????????# #?????????????? | | """"" #????????????????## ## #????????? | | #????????????????# ##?? #????????? | | #??????????????#### ##????? ???????? | | " ##??????????????# #???????? ???????? | | ""## ###?????????????# #??????????????????? | | ##### ##????????????# ##??????????????????? | | #??##"""" ##???????####" ###???????????????????? | | ???# """" "###????## ##?????????????????????? | | ???# """" "" #????# ###??????????????????????? | | ???# """" ""##????# ##???????????????????????? | | ???### " "#?????# ##??????????????????????? | | ??#### ##???## #??????????????????????? | | ??# ##### ##??????????????????????? | | ??## ## ##???????????????????????? | | ???## #####????????????????????????? | | ????######## ###????????????????????????????? | | ???????????## ##??????????????????????????????? | | ????????????### ##???????????????????????????????? | | ??????????????###????????????????????????????????? | | ?????????????????????????????????????????????????? | | ?????????????????????????????????????????????????? | +----------------------------------------------------+ Best States ------------- Heat Dissipation 39 Energy Generation 14 Energy Capacity 250 Matter Stores 300 Matter Capacity 300 Sight Range 16 Terrain Scan Density 10 Evasion (%) 50 Recoil Reduction 2 Item Schematics ----------------- None Robot Schematics ------------------ None Fabricated ------------ Nothing Repaired ---------- Nothing Studied --------- None Alien Tech Used ----------------- None Achievements -------------- None Challenges ------------ None Game ------ Seed MiningLauncherJets Manual? 0 Play Time 00:12:01 Cumulative 374.5 hours Start 2025.11.15 @ 17:08:50 End 2025.11.15 @ 17:17:40 Sessions 1 Manual Loads 0 Difficulty Rogue Special Mode None Game No. 255 Rogue 255 Adventurer 0 Explorer 0 Win Type - Total 24 Types 9/0/8/1/1/0/2/1/1/1 Lore% 83 Gallery% 79 Achievement% 68 Wizard Run 0 Options --------- Layout 1 ASCII 0 Keyboard 0 Movement Mouse Keybinds 0 Fullscreen 2 Font 24/Smallcaps Map View 50x35 Zoom Use 0% Tactical HUD 1 Map Filters NONE Filters NONE Steam 1 RUN: 9e6321a9-a803-43e9-88b1-7595e09f423e